 Dungeon Crawl Stone Soup version 0.26.1-2-gb8aa6d0cf2 (webtiles) character file.

Game seed: 3724714826458881117

29857 hawla the Zephyrmancer (level 13, -35/129 HPs)
             Began as a Black Draconian Conjurer on Feb 9, 2021.
             Was a High Priest of Vehumet.
             Killed from afar by Cheops's ghost (49 damage)
             ... with a stone arrow
             ... on level 12 of the Dungeon.
             The game lasted 00:57:10 (17947 turns).

hawla the Zephyrmancer (Black Draconian Conjurer)  Turns: 17947, Time: 00:57:11

Health: -35/129    AC: 26    Str: 15    XL:     13   Next: 17%
Magic:  1/28       EV:  2    Int: 34    God:    Vehumet [*****.]
Gold:   1161       SH:  0    Dex: 10    Spells: 10/35 levels left

rFire    + . .     SeeInvis .   u - +2 trident of Xeret {flame, *Drain rPois Str+4 Int+6}
rCold    . . .     Faith    .   (no shield)
rNeg     + + +     Spirit   .   (armour unavailable)
rPois    +         Reflect  .   (helmet currently unavailable)
rElec    +         Harm     .   (cloak currently unavailable)
rCorr    .         Rampage  .   (gloves currently unavailable)
Will     +....     NoTele   +   (boots currently unavailable)
Stlth    ++........             k - amulet of magic regeneration
HPRegen  0.31/turn              s - ring of poison resistance
MPRegen  0.46/turn              j - ring of Zeze {rElec rF+ Will+ Int+6}

@: tree-form (expiring), attractive
A: (breathe lightning), unfitting armour, subdued magic 1, AC +8
a: Renounce Religion


You were on level 12 of the Dungeon.
You worshipped Vehumet.
Vehumet was extremely pleased with you.
You were a tree.
You visited 2 branches of the dungeon, and saw 15 of its levels.

You collected 1161 gold pieces.

Inventory:

Hand Weapons
 i - a +0 quarterstaff
 u - the +2 trident of Xeret (weapon) {flame, *Drain rPois Str+4 Int+6}
   (You found it on level 9 of the Dungeon)

   It has been specially enchanted to burn those struck by it, causing extra
   injury to most foes and up to half again as much damage against particularly
   susceptible opponents.
   It affects your strength (+4).
   It affects your intelligence (+6).
   It protects you from poison.
   It causes draining when unequipped.
Missiles
 f - 79 poisoned darts
 m - 2 throwing nets
 r - 8 silver boomerangs (quivered)
 A - 5 boomerangs
 K - 6 javelins
Armour
 z - a scarf of repulsion (melded)
 B - a +2 hat of intelligence (melded)
 M - a +2 pair of boots (melded)
 Q - a +0 pair of gloves (melded)
Jewellery
 h - an uncursed ring of see invisible
 j - the ring of Zeze (right branch) {rElec rF+ Will+ Int+6}
   (You found it on level 10 of the Dungeon)

   [ring of intelligence]

   It affects your intelligence (+6).
   It protects you from fire.
   It insulates you from electricity.
   It affects your willpower, your defense against some magical effects.
 k - an amulet of magic regeneration (around neck)
 s - a ring of poison resistance (left branch)
 v - a +4 ring of evasion
 y - an uncursed ring of wizardry
 I - an uncursed amulet of the acrobat {unknown}
Wands
 d - a wand of digging (13)
 g - a wand of flame (51)
 l - a wand of iceblast (13)
 q - a wand of disintegration (43)
 x - a wand of paralysis (6)
 G - a wand of acid (5)
 J - a wand of polymorph (19)
 N - a wand of random effects (26)
 O - a wand of enslavement (21)
Scrolls
 a - 12 scrolls of identify
 e - 2 scrolls of magic mapping
 n - 2 scrolls of teleportation
 t - a scroll of fear
 C - 6 scrolls of remove curse
 F - a scroll of enchant armour
 H - a scroll of amnesia
 L - 2 scrolls of noise {unknown}
 P - a scroll of brand weapon {unknown}
Potions
 c - 2 potions of flight
 o - 5 potions of curing
 p - 4 potions of haste
 D - a potion of attraction
Miscellaneous
 E - a phial of floods


   Skills:
 - Level 7.5(8.0) Polearms
 - Level 4.0(6.2) Staves
 - Level 1.0 Throwing
 - Level 5.0 Dodging
 - Level 1.7 Stealth
 + Level 11.7 Spellcasting
 - Level 8.7 Conjurations
 - Level 2.0 Hexes
 - Level 6.5 Translocations
 + Level 13.3 Air Magic
 - Level 1.4 Poison Magic
 - Level 3.0 Evocations


You had 10 spell levels left.
You knew the following spells:

 Your Spells              Type           Power        Failure   Level
a - Magic Dart            Conj           100%         1%          1
b - Searing Ray           Conj           100%         1%          2
c - Iskenderun's Mystic   Conj/Tloc      53%          1%          4
d - Mephitic Cloud        Conj/Pois/Air  54%          1%          3
e - Olgreb's Toxic Radia  Pois           22%          2%          4
f - Cause Fear            Hex            13%          8%          4
g - Iskenderun's Battles  Conj           57%          1%          5
h - Blink                 Tloc           N/A          1%          2

Your spell library contained the following spells:

 Spells                   Type           Power        Failure   Level
 Bolt of Magma            Conj/Fire/Erth 15%          4%          5
 Corona                   Hex            28%          1%          1
 Sting                    Tmut/Pois      76%          1%          1
 Ensorcelled Hibernation  Hex/Ice        40%          1%          2
 Poisonous Vapours        Pois/Air       100%         1%          2
 Slow                     Hex            26%          1%          2
 Conjure Flame            Conj/Fire      38%          1%          3
 Dazzling Flash           Conj/Hex       86%          1%          3
 Ignite Poison            Fire/Tmut/Pois 17%          1%          3
 Fulminant Prism          Conj/Hex       21%          1%          4
 Silence                  Hex/Air        26%          1%          5
 Call Imp                 Summ           15%          2%          2
 Confusing Touch          Hex            26%          2%          3
 Tukima's Dance           Hex            26%          2%          3
 Yara's Violent Unravell  Hex/Tmut       10%          10%         5
 Discord                  Hex            13%          100%        8


Dungeon Overview and Level Annotations

Branches:
Dungeon (14/15)            Temple (1/1) D:7            Lair (0/6) D:10
    Orc (0/2) D:10
 Vaults: D:13-14

Altars:
Ashenzari
Cheibriados
Dithmenos
Elyvilon
Fedhas
Gozag
Hepliaklqana
Kikubaaqudgha
Makhleb
Nemelex Xobeh
Okawaru
Qazlal
Ru
Sif Muna
Trog
Uskayaw
Vehumet
Wu Jian
Xom
Yredelemnul
Zin
The Shining One

Shops:
D:8 (   D:9 ?   D:14 **

Annotations:
D:12 2 runed translucent doors, exclusion: orange crystal statue, Cheops's ghost, journeyman DgEE
D:13 2 transporters, Dirphi Vium's ghost, journeyman MiBe


Innate Abilities, Weirdness & Mutations

((You can breathe wild blasts of lightning.))
((Your glossy black scales are hard. (AC +8)))
You cannot fit into any form of body armour.
((You are resistant to electric shocks. (rElec)))
((You are cold-blooded and may be slowed by cold attacks.))
((You have large cloven feet.))
((You have a pair of small horns on your head.))
((Your skin changes colour to match your surroundings (Stealth+).))
Your spells are a little easier to cast, but a little less powerful.


Message History

Cheops's ghost is pulled toward you! The battlesphere is pulled toward you!
Unknown command.
Casting: Iskenderun's Mystic Blast (safe; 1% risk of failure)
Confirm with . or Enter, or press ? or * to list all spells.
You erupt in a blast of force!
The mystic blast hits Cheops's ghost.
Cheops's ghost is severely damaged.
Cheops's ghost is knocked back by the mystic blast.
Cheops's ghost is pulled toward you! The battlesphere is pulled toward you!
Unknown command.
Casting: Iskenderun's Mystic Blast (safe; 1% risk of failure)
Confirm with . or Enter, or press ? or * to list all spells.
You erupt in a blast of force!
The mystic blast hits Cheops's ghost!
Cheops's ghost is almost destroyed.
Cheops's ghost is knocked back by the mystic blast.
Cheops's ghost is pulled toward you! The battlesphere is pulled toward you!
Unknown command.
You feel better.
Cheops's ghost points at you and mumbles some strange words.
The stone arrow hits you!!!
You die...

.............####.#
#.###.#.# #............#
#### #.#...#.#
#####.##########.##
#.#.#.#.# #....# #!_|#
#...#...# ####.#
###'####'####### #.#
#..)..##.# #.## ###*####.#
#..# #W# #..# ########'###
#♣###'######
#.......<[)####.*........#
##..........[).)#.........#
##.........[###.#.........#
.'...[......# #.#.........#
##...)))....# #.'.........#
######)##### ###.........#
#..# #.........# #.##
#####'#####


You could see a battlesphere, Cheops's ghost and a friendly battlesphere.

Vanquished Creatures
  Gastronok (D:9)
  Kirke (D:14)
  3 hydras
  Harold (D:8)
  A catoblepas (D:12)
  2 two-headed ogres
  A dancing weapon (D:12)
  Pikel (D:6)
  2 obsidian statues
  3 cyclopes
  A manticore (D:12)
  8 ugly things
  A gargoyle (D:12)
  An ice statue (D:10)
  3 komodo dragons (D:10)
  Maggie (D:9)
  2 trolls
  A hornet (D:10)
  6 slime creatures
  A wyvern (D:9)
  2 wraiths
  Sigmund (D:4)
  A water elemental (D:13)
  29 yaks
  3 hogs (D:14)
  3 basilisks (D:10)
  2 steam dragons
  2 soldier ants
  An acid dragon (D:11)
  A water moccasin (D:9)
  Duvessa (D:6)
  A swamp drake (D:10)
  5 orc warriors
  An ice beast (D:14)
  A black bear (D:8)
  4 sky beasts
  The ghost of Lorrdernie the Slasher, an amateur MiGl (D:3)
  A necrophage (D:7)
  7 centaurs
  3 phantoms
  3 ogres
  3 big kobolds
  A lemure (D:6)
  3 bullfrogs
  Blork the orc (D:4)
  A gnoll sergeant (D:12)
  Dowan (D:6)
  3 scorpions
  A water moccasin skeleton (D:10)
  5 killer bees (D:7)
  11 wights
  A howler monkey (D:4)
  3 bullfrog zombies
  A quasit (D:8)
  2 jellies
  A centaur zombie (D:9)
  10 orc priests
  A centaur skeleton (D:8)
  11 hounds
  13 orc wizards
  7 iguanas
  12 worker ants
  A hound zombie (D:6)
  4 hound skeletons
  A howler monkey zombie (D:6)
  8 gnolls
  2 howler monkey skeletons (D:4)
  14 adders
  A shadow imp (D:6)
  5 white imps
  3 ufetubi
  2 oozes
  An adder skeleton (D:10)
  2 worms
  4 dart slugs
  6 leopard geckos
  29 orcs
  4 giant cockroaches
  4 goblins (D:1)
  13 hobgoblins
  19 jackals
  A quokka (D:9)
  A ball python (D:5)
  7 bats
  4 frilled lizards
  A jackal skeleton (D:6)
  A jackal zombie (D:5)
  14 kobolds
  A leopard gecko skeleton (D:4)
  2 quokka skeletons
  4 rats
365 creatures vanquished.

Vanquished Creatures (others)
  A human (D:14)
1 creature vanquished.

Grand Total: 366 creatures vanquished

Notes
Turn   | Place    | Note
-------+----------+-------------------------------------------
     0 | D:1      | hawla the Draconian Conjurer began the quest for the Orb.
     0 | D:1      | Reached XP level 1. HP: 14/14 MP: 3/3
   463 | D:1      | Reached XP level 2. HP: 20/20 MP: 1/5
   466 | D:1      | Learned a level 2 spell: Searing Ray
  1404 | D:2      | Reached XP level 3. HP: 26/26 MP: 1/6
  1598 | D:1      | Reached skill level 5 in Conjurations
  1901 | D:2      | Found an ancient bone altar of Kikubaaqudgha.
  1904 | D:2      | Found a shadowy altar of Dithmenos.
  1905 | D:2      | Found a blossoming altar of Fedhas.
  1906 | D:2      | Found a radiant altar of Vehumet.
  1906 | D:2      | Found an ornate altar of the Wu Jian Council.
  1906 | D:2      | Found a bloodstained altar of Trog.
  1908 | D:2      | Found a white marble altar of Elyvilon.
  1920 | D:2      | Found an opulent altar of Gozag.
  1921 | D:2      | Found a basalt altar of Yredelemnul.
  1922 | D:2      | Found a sacrificial altar of Ru.
  1923 | D:2      | Found a hazy altar of Hepliaklqana.
  1926 | D:2      | Became a worshipper of Vehumet
  1994 | D:2      | Reached XP level 4. HP: 33/33 MP: 4/8
  1999 | D:2      | Learned a level 4 spell: Iskenderun's Mystic Blast
  2345 | D:3      | Reached skill level 1 in Translocations
  2345 | D:3      | Reached XP level 5. HP: 35/38 MP: 1/9
  2430 | D:3      | Noticed Lorrdernie's ghost (amateur MiGl)
  2433 | D:3      | Found a transporter.
  2442 | D:3      | Found a transporter.
  2593 | D:3      | Reached skill level 1 in Staves
  3228 | D:3      | Found a sacrificial altar of Ru.
  3415 | D:4      | Noticed Sigmund
  3426 | D:4      | Gained mutation: Your skin changes colour to match your
                  | surroundings (Stealth+). [potion of mutation]
  3426 | D:4      | Gained mutation: Your spells are a little easier to cast,
                  | but a little less powerful. [potion of mutation]
  3426 | D:4      | Gained mutation: You have a pair of small horns on your
                  | head. [potion of mutation]
  3426 | D:4      | Gained mutation: You have large cloven feet. [potion of
                  | mutation]
  3457 | D:4      | Killed Sigmund
  3458 | D:4      | Reached XP level 6. HP: 38/45 MP: 3/11
  3505 | D:4      | Noticed Blork the orc
  3518 | D:4      | Killed Blork the orc
  3520 | D:4      | Your scales start taking on a glossy black colour.
  3520 | D:4      | Reached XP level 7. HP: 48/50 MP: 0/12
  3520 | D:4      | Gained mutation: You are resistant to electric shocks.
                  | (rElec) [Black Draconian growth]
  3600 | D:4      | Reached * piety under Vehumet
  3600 | D:4      | Offered knowledge of Freeze by Vehumet.
  3773 | D:4      | Reached skill level 1 in Air Magic
  3860 | D:4      | Found a burning altar of Makhleb.
  4637 | D:5      | Entered Level 5 of the Dungeon
  4937 | D:5      | Reached skill level 2 in Air Magic
  4937 | D:5      | Reached XP level 8. HP: 57/57 MP: 10/14
  4987 | D:5      | Reached skill level 1 in Throwing
  5477 | D:6      | Reached ** piety under Vehumet
  5477 | D:6      | Offered knowledge of Sandblast by Vehumet.
  5792 | D:6      | Noticed Duvessa
  5803 | D:6      | Killed Duvessa
  5804 | D:6      | Reached skill level 5 in Translocations
  5807 | D:6      | Noticed Dowan
  5859 | D:6      | Killed Dowan
  5907 | D:6      | Reached skill level 3 in Air Magic
  6303 | D:6      | Offered knowledge of Ignite Poison by Vehumet.
  6398 | D:6      | Noticed Pikel
  6437 | D:6      | Killed Pikel
  6438 | D:6      | Reached XP level 9. HP: 39/62 MP: 8/16
  6679 | D:7      | Reached skill level 4 in Air Magic
  6726 | D:7      | Reached skill level 5 in Spellcasting
  6871 | D:7      | Reached *** piety under Vehumet
  7017 | D:7      | Reached skill level 5 in Air Magic
  7023 | D:7      | Offered knowledge of Mephitic Cloud by Vehumet.
  7072 | D:7      | Found a staircase to the Ecumenical Temple.
  7088 | Temple   | Entered the Ecumenical Temple
  7335 | Temple   | Learned a level 3 spell: Mephitic Cloud
  7376 | D:7      | Reached skill level 1 in Poison Magic
  7889 | D:8      | Reached skill level 6 in Air Magic
  7913 | D:8      | Found Giobopn's Weapon Shop.
  8160 | D:8      | Noticed Harold
  8186 | D:8      | Killed Harold
  8187 | D:8      | Reached skill level 7 in Air Magic
  8187 | D:8      | Reached XP level 10. HP: 30/69 MP: 0/20
  8754 | D:8      | Noticed a two-headed ogre
  8763 | D:8      | Killed a two-headed ogre
  8813 | D:8      | Learned a level 4 spell: Olgreb's Toxic Radiance
  8818 | D:8      | Reached **** piety under Vehumet
  8829 | D:8      | Reached skill level 8 in Air Magic
  9164 | D:9      | Offered knowledge of Inner Flame by Vehumet.
  9167 | D:9      | Got a crystal trident
  9167 | D:9      | Identified the +2 trident of Xeret {flame, *Drain rPois
                  | Str+4 Int+6} (You found it on level 9 of the Dungeon)
  9187 | D:9      | Found a shimmering blue altar of Sif Muna.
  9223 | D:9      | Reached skill level 1 in Polearms
  9224 | D:9      | Noticed Gastronok
  9360 | D:9      | Killed Gastronok
  9361 | D:9      | Reached skill level 9 in Air Magic
  9511 | D:9      | Found Coplal's Magic Scroll Shoppe.
  9576 | D:9      | Noticed Maggie
  9584 | D:9      | Killed Maggie
  9636 | D:9      | Reached XP level 11. HP: 74/74 MP: 8/23
  9638 | D:9      | Reached skill level 10 in Air Magic
 10461 | D:3      | Killed Lorrdernie's ghost
 10635 | D:10     | Entered Level 10 of the Dungeon
 10647 | D:10     | Found a blossoming altar of Fedhas.
 11256 | D:10     | Found a staircase to the Orcish Mines.
 11676 | D:10     | Noticed an obsidian statue
 12907 | D:10     | Got a fine steel ring
 12938 | D:10     | Found a staircase to the Lair.
 13065 | D:11     | Learned a level 4 spell: Cause Fear
 13076 | D:11     | Reached ***** piety under Vehumet
 13229 | D:11     | Found an ancient bone altar of Kikubaaqudgha.
 13332 | D:11     | Offered knowledge of Iskenderun's Battlesphere by Vehumet.
 13524 | D:11     | Reached skill level 11 in Air Magic
 13661 | D:11     | Reached skill level 1 in Hexes
 13665 | D:11     | Reached skill level 1 in Evocations
 13814 | D:11     | Identified the ring of Zeze {rElec rF+ Will+ Int+6} (You
                  | found it on level 10 of the Dungeon)
 13865 | D:12     | Reached skill level 5 in Polearms
 13896 | D:12     | Found a runed translucent door.
 14094 | D:12     | Noticed a white ugly thing
 14104 | D:12     | Killed a white ugly thing
 14297 | D:12     | Found a runed translucent door.
 14298 | D:12     | Noticed an orange crystal statue
 14299 | D:12     | Found the +10 tower shield of Ignorance {rN+ Int-4}
 14332 | D:12     | Noticed a five-headed hydra
 14342 | D:12     | Killed a five-headed hydra
 14343 | D:12     | Reached skill level 10 in Spellcasting
 14343 | D:12     | Reached XP level 12. HP: 78/81 MP: 11/26
 14779 | D:12     | Noticed an eight-headed hydra
 14787 | D:12     | Killed an eight-headed hydra
 14800 | D:12     | Noticed a catoblepas
 14829 | D:12     | Killed a catoblepas
 15016 | D:11     | Learned a level 5 spell: Iskenderun's Battlesphere
 15023 | D:11     | Learned a level 2 spell: Blink
 15300 | D:12     | Offered knowledge of Bolt of Magma by Vehumet.
 15421 | D:12     | Found a runed translucent door.
 15421 | D:12     | Found a shimmering altar of Xom.
 15421 | D:12     | Noticed Cheops's ghost (journeyman DgEE)
 15516 | D:12     | Reached skill level 5 in Dodging
 15895 | D:13     | Noticed a sphinx
 15896 | D:13     | Found a transporter.
 15896 | D:13     | Noticed Dirphi Vium's ghost (journeyman MiBe)
 15898 | D:13     | Noticed a centaur warrior
 15902 | D:13     | Noticed a centaur warrior
 16064 | D:13     | Found a transporter.
 16311 | D:13     | Reached skill level 12 in Air Magic
 16710 | D:13     | Noticed a two-headed ogre
 16719 | D:13     | Killed a two-headed ogre
 16823 | D:13     | Noticed a four-headed hydra
 16832 | D:13     | Killed a four-headed hydra
 16954 | D:14     | Found a burning altar of Makhleb.
 17610 | D:14     | Found Kipae's General Store.
 17623 | D:14     | Noticed Kirke
 17627 | D:14     | Reached XP level 13. HP: 86/86 MP: 9/28
 17633 | D:14     | Noticed a sphinx
 17635 | D:14     | Killed Kirke
 17636 | D:14     | Reached skill level 13 in Air Magic
 17850 | D:14     | Found Wacocuips's Assorted Antiques.
 17939 | D:12     | HP: 2/129 [Cheops's ghost/iron shot (31)]
 17947 | D:12     | Killed from afar by Cheops's ghost

Illustrated notes

Levels and vault maps discovered:
D:1:      roderic_octagonal_star, layout_loops_corners, minmay_domino_2
D:2:      layout_rooms, minitemple
D:3:      layout_loops_cross, gammafunk_ghost_arena, minmay_misc_feat_doors,
          nicolae_ru_path_of_blood
D:4:      layout_loops_corners, makhleb_blood_cavern_becter, uniq_blork_the_orc,
          uniq_sigmund
D:5:      layout_basic, minmay_misc_feat_four_crosses,
          hangedman_decor_clover_reticule, glass_columns_a
D:6:      layout_loops_ring, uniq_duvessa, uniq_pikel
D:7:      layout_cave_pools, minmay_temple_entry_ruins
D:8:      layout_basic, serial_shops, shop, minmay_misc_feat_pillars,
          minivault_1, uniq_harold
D:9:      layout_basic, basic_altar, serial_shops, kennysheep_mini,
          uniq_gastronok, uniq_maggie
D:10:     minmay_separated_statues, layout_stronghold, erik_lair_dragon,
          orc_0_dummy, fedhas_altar_2
D:11:     layout_roguey, amcnicky_altar_gilded
D:12:     layout_roguey, ebering_ghost_xom, chequers_guarded_unrand_ignorance
D:13:     layout_gridville, gammafunk_ghost_arena, minivault_16, minivault_14
D:14:     layout_cross, skrybe_vaults_entry_preservation, serial_glass,
          glass_columns_b, glass_columns_b, serial_shops, shop_statue,
          nicolae_shop_trees, nicolae_shop_crystal, nicolae_shop_behind_doors,
          basic_altar, minmay_misc_feat_iff, hangedman_decor_lopped, uniq_kirke,
          uniq_snorg, uniq_agnes
Temple:   jpeg_temple_alley_garden

Skill      XL: |  1  2  3  4  5  6  7  8  9 10 11 12 13 |
---------------+----------------------------------------+-----
Conjurations   | 5 6 7 8 |  8.7
Spellcasting   | 3 4 6 8 10 11 | 11.7
Translocations | 1 3 4 6 |  6.5
Staves         | 1 3 4 |  4.0
Air Magic      | 2 3 7 9 11 12 13 | 13.3
Throwing       | 1 |  1.0
Poison Magic   | 1 |  1.4
Polearms       | 3 5 7 |  7.5
Dodging        | 3 5 |  5.0
Hexes          | 2 |  2.0
Evocations     | 2 3 |  3.0
Stealth        | |  1.7

Action                   |  1- 3 |  4- 6 |  7- 9 | 10-12 | 13-15 || total
-------------------------+-------+-------+-------+-------+-------++-------
Melee: Unarmed           |    19 |       |       |       |       ||    19
       Tailslap          |     1 |     1 |     6 |    14 |       ||    22
       Trident           |       |     8 |       |   113 |       ||   121
       Whip              |       |     2 |     1 |       |       ||     3
       Quarterstaff      |       |       |    87 |    12 |       ||    99
       Headbutt          |       |       |    14 |    11 |       ||    25
       Kick              |       |       |    11 |    19 |       ||    30
Throw: Dart              |     6 |       |       |       |       ||     6
       Boomerang         |       |       |    12 |     1 |       ||    13
 Cast: Magic Dart        |    46 |     7 |    58 |    42 |       ||   153
       Searing Ray       |    14 |    20 |    71 |   108 |     7 ||   220
       Iskenderun's Myst |       |     1 |    18 |   147 |    14 ||   180
       Mephitic Cloud    |       |       |     1 |       |       ||     1
       Olgreb's Toxic Ra |       |       |       |    30 |       ||    30
       Cause Fear        |       |       |       |     7 |       ||     7
       Iskenderun's Batt |       |       |       |       |     1 ||     1
 Abil: Breathe Lightning |       |       |       |     2 |       ||     2
Evoke: Wand              |       |       |       |     4 |       ||     4
  Use: Scroll            |     2 |     8 |     3 |     5 |       ||    18
       Potion            |     2 |     7 |       |     4 |     4 ||    17
 Stab: Sleeping          |       |       |       |     1 |       ||     1
Armor: Skin              |    28 |    12 |    63 |    58 |     4 ||   165
Dodge: Dodged            |    50 |    24 |   174 |   188 |     5 ||   441
       Repelled          |       |       |     2 |     3 |       ||     5
